[Event "HUN-chT Youth-Children 2018"]
[Site "Zalakaros"]
[Date "2018.07.27"]
[Round "4"]
[White "Tubak, Daniel"]
[Black "Kovacs, Judit"]
[Result "1/2-1/2"]
[ECO "B43"]
[WhiteElo "2168"]
[BlackElo "2143"]
[Annotator "NA"]
[PlyCount "37"]
[EventDate "2018.07.26"]
[EventType "team-tourn"]
[EventCountry "HUN"]
[SourceTitle "playchess.com"]
[Source "ChessBase"]
[SourceQuality "1"]
[TimeControl "5400+30"]

1. e4 c5 2. Nf3 e6 3. d4 cxd4 4. Nxd4 a6 5. Nc3 Qc7 6. Bd3 Nf6 7. O-O Bc5 8. Nb3 Ba7 9. a4 d6 10. Qf3 Nbd7 11. Qg3 h5 12. Bf4 h4 13. Qxg7 Rh7 14. Qg5 Rh5 15. Qg7 Rh7 16. Qg5 Rh5 17. Qg7 Rh7 18. Qg5 Rh5 19. Qg7 1/2-1/2

[Event "HUN-chT Youth-Children 2018"]
[Site "Zalakaros"]
[Date "2018.07.27"]
[Round "4"]
[White "Pasztor, Balazs"]
[Black "Losonczi, Marcell"]
[Result "1/2-1/2"]
[ECO "C55"]
[WhiteElo "2072"]
[BlackElo "2149"]
[Annotator "NA"]
[PlyCount "63"]
[EventDate "2018.07.26"]
[EventType "team-tourn"]
[EventCountry "HUN"]
[SourceTitle "playchess.com"]
[Source "ChessBase"]
[SourceQuality "1"]
[TimeControl "5400+30"]

1. e4 e5 2. Nf3 Nc6 3. Bc4 Nf6 4. d3 h6 5. c3 d6 6. O-O g5 7. Nbd2 Bg7 8. Bb3 g4 9. Ne1 d5 10. f4 dxe4 11. fxe5 Nxe5 12. d4 Nc6 13. Qe2 Qe7 14. Bc2 O-O 15. Nxe4 Nxe4 16. Qxe4 Qxe4 17. Bxe4 Ne7 18. Bc2 Nd5 19. Nd3 c6 20. Nc5 b6 21. Ne4 Bd7 22. Nd6 Rad8 23. Nf5 Bxf5 24. Bxf5 g3 25. hxg3 Rfe8 26. Bf4 Ne3 27. Bxe3 Rxe3 28. Kf2 Rde8 29. Rae1 Rxe1 30. Rxe1 Rxe1 31. Kxe1 Kf8 32. Ke2 1/2-1/2

[Event "HUN-chT Youth-Children 2018"]
[Site "Zalakaros"]
[Date "2018.07.27"]
[Round "4"]
[White "Pasti, Aron"]
[Black "Szamko, Hanna"]
[Result "1-0"]
[ECO "C64"]
[WhiteElo "2069"]
[BlackElo "1327"]
[Annotator "NA"]
[PlyCount "71"]
[EventDate "2018.07.26"]
[EventType "team-tourn"]
[EventCountry "HUN"]
[SourceTitle "playchess.com"]
[Source "ChessBase"]
[SourceQuality "1"]
[TimeControl "5400+30"]

1. e4 e5 2. Nf3 Nc6 3. Bb5 Bc5 4. c3 Nge7 5. O-O d5 6. Nxe5 O-O 7. Bxc6 Nxc6 8. Nxc6 bxc6 9. d4 Be7 10. e5 f6 11. f4 fxe5 12. fxe5 Ba6 13. Rxf8+ Qxf8 14. Nd2 Qf5 15. Nf3 Qd3 16. Qxd3 Bxd3 17. Bg5 Bf8 18. Re1 h6 19. Bf4 Re8 20. Nd2 c5 21. Rc1 Rb8 22. b3 c4 23. b4 a5 24. a3 axb4 25. axb4 Ra8 26. Re1 Be7 27. e6 c6 28. Nf3 Re8 29. Ne5 g5 30. Bg3 Be4 31. Nxc6 Bf8 32. e7 Bxe7 33. b5 Bd8 34. Nxd8 Rxd8 35. b6 Bf5 36. b7 1-0

[Event "HUN-chT Youth-Children 2018"]
[Site "Zalakaros"]
[Date "2018.07.27"]
[Round "4"]
[White "Fule, Simon"]
[Black "Monduk, Ferenc"]
[Result "1-0"]
[ECO "C11"]
[WhiteElo "2061"]
[BlackElo "1870"]
[Annotator "NA"]
[PlyCount "103"]
[EventDate "2018.07.26"]
[EventType "team-tourn"]
[EventCountry "HUN"]
[SourceTitle "playchess.com"]
[Source "ChessBase"]
[SourceQuality "1"]
[TimeControl "5400+30"]

1. e4 e6 2. d4 d5 3. Nc3 Nf6 4. e5 Nfd7 5. f4 c5 6. Nf3 Nc6 7. Be3 Be7 8. Qd2 O-O 9. dxc5 Bxc5 10. O-O-O a6 11. g4 b5 12. Kb1 Qb6 13. Bxc5 Nxc5 14. Bd3 b4 15. Ne2 a5 16. Nfd4 Nxd4 17. Nxd4 a4 18. f5 Nxd3 19. Qxd3 f6 20. exf6 Rxf6 21. Rhe1 Qd6 22. g5 Rf8 23. Nxe6 Bxe6 24. Rxe6 Qd7 25. Qxd5 Qxd5 26. Rxd5 Rad8 27. Rxd8 Rxd8 28. Kc1 Rd5 29. g6 hxg6 30. fxg6 Kf8 31. Ra6 Rg5 32. Rxa4 Rxg6 33. Rxb4 Rg1+ 34. Kd2 Rg2+ 35. Kd3 Rxh2 36. Re4 g5 37. Rg4 Rh3+ 38. Kd4 Rh2 39. Rxg5 Rxc2 40. Rb5 Ke7 41. Kd3 Rc6 42. Rd5 Ra6 43. a3 Rb6 44. Kc2 Rc6+ 45. Kb1 Rb6 46. b4 Rh6 47. Rd2 Rh3 48. Kb2 Rh4 49. Rd3 Ke6 50. Kb3 Ke5 51. b5 Ke6 52. a4 {[%emt 0:01:44] Kd5} 1-0

[Event "HUN-chT Youth-Children 2018"]
[Site "Zalakaros"]
[Date "2018.07.27"]
[Round "4"]
[White "Tancsa, Tamas"]
[Black "Dibusz, Domonkos"]
[Result "1/2-1/2"]
[ECO "C96"]
[WhiteElo "2023"]
[BlackElo "2076"]
[Annotator "NA"]
[PlyCount "120"]
[EventDate "2018.07.26"]
[EventType "team-tourn"]
[EventCountry "HUN"]
[SourceTitle "playchess.com"]
[Source "ChessBase"]
[SourceQuality "1"]
[TimeControl "5400+30"]

1. e4 e5 2. Nf3 Nc6 3. Bb5 a6 4. Ba4 Nf6 5. O-O Be7 6. Re1 b5 7. Bb3 d6 8. c3 O-O 9. h3 Na5 10. Bc2 c5 11. d4 Nd7 12. d5 Nb6 13. Nbd2 Bd7 14. Nf1 Qc7 15. g4 Nb7 16. Ng3 g6 17. Bh6 Rfe8 18. Kh1 a5 19. Rg1 Kh8 20. Nf5 Bxf5 21. gxf5 Nd7 22. Ng5 Bxg5 23. Bxg5 Kg7 24. Qg4 Rg8 25. Qh4 h5 26. Be3 Kf8 27. Qg5 Ke8 28. Qh6 Nf8 29. Bd1 Qe7 30. Bg5 f6 31. Bh4 g5 32. Bxh5+ Kd7 33. Bxg5 fxg5 34. f6 Qh7 35. Bg4+ Kc7 36. Qxh7+ Nxh7 37. Be6 Nxf6 38. Bxg8 Rxg8 39. f3 c4 40. Rg2 Nc5 41. Rag1 Rh8 42. Rxg5 Rxh3+ 43. Kg2 Rh7 44. Kf1 Nd3 45. Rg7+ Rxg7 46. Rxg7+ Nd7 47. Rg2 b4 48. cxb4 axb4 49. Rc2 Nb6 50. Ke2 Kb7 51. Ke3 Nf4 52. Kd2 Ka6 53. b3 Kb5 54. Ke3 Kc5 55. Rh2 c3 56. Rh7 Kb5 57. Rg7 Ka6 58. Rh7 Ka5 59. Rg7 Kb5 60. Rh7 Ka6 1/2-1/2

[Event "HUN-chT Youth-Children 2018"]
[Site "Zalakaros"]
[Date "2018.07.27"]
[Round "4"]
[White "Kovacs, Gabor Etele"]
[Black "Lengyel, Andrea"]
[Result "1/2-1/2"]
[ECO "B31"]
[WhiteElo "1999"]
[BlackElo "1854"]
[Annotator "NA"]
[PlyCount "31"]
[EventDate "2018.07.26"]
[EventType "team-tourn"]
[EventCountry "HUN"]
[SourceTitle "playchess.com"]
[Source "ChessBase"]
[SourceQuality "1"]
[TimeControl "5400+30"]

1. e4 c5 2. Nf3 Nc6 3. Bb5 g6 4. Bxc6 bxc6 5. O-O Bg7 6. Re1 e5 7. b4 cxb4 8. a3 c5 9. axb4 cxb4 10. Bb2 d6 11. d4 f6 12. dxe5 dxe5 13. Qe2 a5 14. Qb5+ Bd7 15. Qc4 Qc8 16. Qd3 1/2-1/2

[Event "HUN-chT Youth-Children 2018"]
[Site "Zalakaros"]
[Date "2018.07.27"]
[Round "4"]
[White "Kovacs, Bence"]
[Black "Forgacs, Attila Jr"]
[Result "1/2-1/2"]
[ECO "C77"]
[WhiteElo "1994"]
[BlackElo "1911"]
[Annotator "NA"]
[PlyCount "129"]
[EventDate "2018.07.26"]
[EventType "team-tourn"]
[EventCountry "HUN"]
[SourceTitle "playchess.com"]
[Source "ChessBase"]
[SourceQuality "1"]
[TimeControl "5400+30"]

1. e4 e5 2. Nf3 Nc6 3. Bb5 a6 4. Ba4 Nf6 5. d3 d6 6. c3 Be7 7. Nbd2 O-O 8. Nf1 b5 9. Bc2 Re8 10. Ng3 Bf8 11. O-O g6 12. h3 Bg7 13. Nh2 d5 14. Qe2 Bb7 15. Ng4 Nxg4 16. Qxg4 Bc8 17. Qg5 Qxg5 18. Bxg5 Be6 19. Bd2 Rad8 20. f4 dxe4 21. Nxe4 Bf5 22. Bc1 exf4 23. Bxf4 Ne5 24. Rad1 Bxe4 25. dxe4 c5 26. Bg5 Rxd1 27. Rxd1 h6 28. Bf4 Nc4 29. b3 Na3 30. Bd3 Bxc3 31. Bc1 Bd4+ 32. Kh2 b4 33. Bxa3 bxa3 34. Rc1 a5 35. Rf1 Re7 36. Kg3 Kg7 37. Kh2 Rd7 38. Kh1 Be5 39. Rd1 Ra7 40. Bb5 Bd4 41. Kh2 f5 42. exf5 gxf5 43. Bd3 f4 44. Re1 Be3 45. Be2 Rd7 46. Rd1 Rxd1 47. Bxd1 Kf6 48. g3 Ke5 49. Kg2 fxg3 50. Kxg3 Kd4 51. Kf3 Bg5 52. Be2 Kc3 53. Ke4 Kb2 54. Kd3 Bf6 55. Bf1 Bd4 56. Be2 Bf2 57. Bf1 Be1 58. Bg2 a4 59. Bd5 axb3 60. Bxb3 Bb4 61. Bc4 Kc1 62. Bb3 Kb2 63. Bd5 Kc1 64. Bb3 Kb2 65. Bd5 1/2-1/2

[Event "HUN-chT Youth-Children 2018"]
[Site "Zalakaros"]
[Date "2018.07.27"]
[Round "4"]
[White "Reviczki, Roland"]
[Black "Kelemen, David"]
[Result "0-1"]
[ECO "B33"]
[WhiteElo "1931"]
[BlackElo "2055"]
[Annotator "NA"]
[PlyCount "46"]
[EventDate "2018.07.26"]
[EventType "team-tourn"]
[EventCountry "HUN"]
[SourceTitle "playchess.com"]
[Source "ChessBase"]
[SourceQuality "1"]
[TimeControl "5400+30"]

1. e4 c5 2. Nf3 Nc6 3. d4 cxd4 4. Nxd4 Nf6 5. Nc3 g6 6. Be3 Bg7 7. f3 O-O 8. Bc4 Qb6 9. Bb3 Nxe4 10. Nxe4 Bxd4 11. Bxd4 Nxd4 12. Qd3 Nxb3 13. axb3 Rd8 14. Ra4 d5 15. Rd4 Bf5 16. Rxd5 Rxd5 17. Qxd5 Rd8 18. Qc5 Qxc5 19. Nxc5 Bxc2 20. O-O b6 21. Na4 Rd1 22. Nc3 Rxf1+ 23. Kxf1 Bxb3 0-1

[Event "HUN-chT Youth-Children 2018"]
[Site "Zalakaros"]
[Date "2018.07.27"]
[Round "4"]
[White "Juhasz, Adam"]
[Black "Demjen, Mark"]
[Result "1/2-1/2"]
[ECO "A46"]
[WhiteElo "1929"]
[BlackElo "1789"]
[Annotator "NA"]
[PlyCount "83"]
[EventDate "2018.07.26"]
[EventType "team-tourn"]
[EventCountry "HUN"]
[SourceTitle "playchess.com"]
[Source "ChessBase"]
[SourceQuality "1"]
[TimeControl "5400+30"]

1. d4 Nf6 2. Nf3 c5 3. c3 g6 4. Bf4 Bg7 5. e3 O-O 6. Bd3 d6 7. O-O Nc6 8. Bg3 Re8 9. Qc2 e5 10. dxe5 dxe5 11. e4 Qe7 12. Nbd2 Nh5 13. Rfe1 Qf8 14. Bc4 Be6 15. Bxe6 Rxe6 16. Nc4 h6 17. Rad1 b5 18. Ne3 Bh8 19. Nd5 Rc8 20. Rd2 f5 21. h3 f4 22. Bh2 g5 23. a4 bxa4 24. Qxa4 Rg6 25. Qc4 Kh7 26. Ra1 Bf6 27. Ra6 g4 28. hxg4 Rxg4 29. Nxf6+ Qxf6 30. Rd7+ Kh8 31. Qf7 Qxf7 32. Rxf7 Rg6 33. Rd7 Rcg8 34. Nh4 Re6 35. Rd5 Rc8 36. Rxc5 Nf6 37. f3 Nd7 38. Rd5 Nb6 39. Rd1 Nc4 40. b4 Ne3 41. Rd2 Nc4 42. Rd7 1/2-1/2

[Event "HUN-chT Youth-Children 2018"]
[Site "Zalakaros"]
[Date "2018.07.27"]
[Round "4"]
[White "Koszta, Benedek"]
[Black "Hatala, Csaba Laszlo"]
[Result "1-0"]
[ECO "C25"]
[WhiteElo "1901"]
[BlackElo "1958"]
[Annotator "NA"]
[PlyCount "27"]
[EventDate "2018.07.26"]
[EventType "team-tourn"]
[EventCountry "HUN"]
[SourceTitle "playchess.com"]
[Source "ChessBase"]
[SourceQuality "1"]
[TimeControl "5400+30"]

1. e4 e5 2. Nc3 Nc6 3. Bc4 Bc5 4. Qg4 Qf6 5. Nd5 Qxf2+ 6. Kd1 g6 7. Nh3 Qd4 8. d3 Be7 9. Qf3 f6 10. Rf1 Bd8 11. g4 Qc5 12. g5 b5 13. gxf6 Kf8 14. f7 1-0

[Event "HUN-chT Youth-Children 2018"]
[Site "Zalakaros"]
[Date "2018.07.27"]
[Round "4"]
[White "Farkas, Otto Jr"]
[Black "Koteljarto, Aron"]
[Result "1-0"]
[ECO "B13"]
[WhiteElo "1880"]
[BlackElo "1404"]
[Annotator "NA"]
[PlyCount "85"]
[EventDate "2018.07.26"]
[EventType "team-tourn"]
[EventCountry "HUN"]
[SourceTitle "playchess.com"]
[Source "ChessBase"]
[SourceQuality "1"]
[TimeControl "5400+30"]

1. e4 c6 2. d4 d5 3. exd5 cxd5 4. c4 Nf6 5. Nc3 Nc6 6. Be3 e6 7. Nf3 Bd7 8. Be2 dxc4 9. Bxc4 g6 10. O-O Bg7 11. Qd2 O-O 12. Rac1 Rc8 13. Be2 a6 14. Rfd1 Ne7 15. Ne5 Nfd5 16. Nxd5 Nxd5 17. Nxd7 Qxd7 18. Bg5 Rfe8 19. b3 Bf8 20. Qb2 Bg7 21. Qd2 Bf8 22. Bc4 b5 23. Bxd5 Qxd5 24. Be3 Bg7 25. Rc5 Qd7 26. Rdc1 Rxc5 27. dxc5 Qc6 28. Qd6 Rc8 29. b4 Bf8 30. Qxc6 Rxc6 31. Rd1 Rc7 32. Rd8 Kg7 33. Bf4 Rc6 34. Be5+ f6 35. Rd7+ Kg8 36. Bxf6 Rc8 37. g3 Rc6 38. Kg2 h6 39. Kf3 Rc8 40. Ke4 g5 41. Rd8 Rc7 42. Be5 Rc6 43. Bd6 1-0

[Event "HUN-chT Youth-Children 2018"]
[Site "Zalakaros"]
[Date "2018.07.27"]
[Round "4"]
[White "Juhasz, Judit"]
[Black "Kiss, Eniko"]
[Result "1-0"]
[ECO "B29"]
[WhiteElo "1877"]
[BlackElo "1697"]
[Annotator "NA"]
[PlyCount "45"]
[EventDate "2018.07.26"]
[EventType "team-tourn"]
[EventCountry "HUN"]
[SourceTitle "playchess.com"]
[Source "ChessBase"]
[SourceQuality "1"]
[TimeControl "5400+30"]

1. e4 c5 2. Nf3 Nf6 3. e5 Nd5 4. Nc3 Nxc3 5. dxc3 d6 6. Bc4 e6 7. exd6 Bxd6 8. Be3 O-O 9. O-O b6 10. Qe2 Qc7 11. Rfd1 Bb7 12. h3 Nc6 13. a3 Ne7 14. Bd3 Rac8 15. c4 Bc6 16. Bxh7+ Kxh7 17. Ng5+ Kg6 18. Qd3+ Nf5 19. g4 Bh2+ 20. Kf1 Rfd8 21. gxf5+ exf5 22. Qe2 Qb7 23. f3 1-0

[Event "HUN-chT Youth-Children 2018"]
[Site "Zalakaros"]
[Date "2018.07.27"]
[Round "4"]
[White "Sulyok, Eszter"]
[Black "Pogany, Zsombor"]
[Result "0-1"]
[ECO "D02"]
[WhiteElo "1804"]
[BlackElo "2081"]
[Annotator "NA"]
[PlyCount "74"]
[EventDate "2018.07.26"]
[EventType "team-tourn"]
[EventCountry "HUN"]
[SourceTitle "playchess.com"]
[Source "ChessBase"]
[SourceQuality "1"]
[TimeControl "5400+30"]

1. Nf3 d5 2. d4 Nf6 3. Bf4 e6 4. e3 Bd6 5. Bxd6 Qxd6 6. a3 O-O 7. c4 Nbd7 8. Nc3 a6 9. Bd3 dxc4 10. Bxc4 b5 11. Bd3 c5 12. dxc5 Qxc5 13. Rc1 Qb6 14. O-O Bb7 15. Qe2 Rac8 16. b4 Rfd8 17. Rfd1 h6 18. h3 Rc7 19. Rc2 Bxf3 20. Qxf3 Ne5 21. Qe2 Nxd3 22. Rxd3 Rdc8 23. Qd1 Rc4 24. f3 e5 25. Qd2 e4 26. Rd4 Rxd4 27. exd4 exf3 28. Ne4 Rxc2 29. Qxc2 Qxd4+ 30. Nf2 Qa1+ 31. Nd1 fxg2 32. Kxg2 g6 33. Nf2 Qxa3 34. Nd3 Kg7 35. Kf3 Nd5 36. Qe2 Nxb4 37. Qe5+ Kh7 0-1

[Event "HUN-chT Youth-Children 2018"]
[Site "Zalakaros"]
[Date "2018.07.27"]
[Round "4"]
[White "Kocsis, Peter"]
[Black "Juhasz, Balazs"]
[Result "1/2-1/2"]
[ECO "A04"]
[WhiteElo "1756"]
[BlackElo "1687"]
[Annotator "NA"]
[PlyCount "67"]
[EventDate "2018.07.26"]
[EventType "team-tourn"]
[EventCountry "HUN"]
[SourceTitle "playchess.com"]
[Source "ChessBase"]
[SourceQuality "1"]
[TimeControl "5400+30"]

1. Nf3 b6 2. b3 Nf6 3. Bb2 Bb7 4. e3 d5 5. d4 e6 6. Bd3 Be7 7. O-O O-O 8. Nbd2 c5 9. c4 cxd4 10. Nxd4 Nc6 11. Nxc6 Bxc6 12. Qe2 dxc4 13. Nxc4 Nd5 14. Rfd1 Bf6 15. Rac1 Bxb2 16. Nxb2 Bb7 17. Ba6 Qe7 18. Bxb7 Qxb7 19. Nc4 Rfd8 20. Qf3 Rac8 21. h3 Qe7 22. Ne5 Rxc1 23. Rxc1 Nb4 24. Rc4 f6 25. Nc6 Nxc6 26. Qxc6 Qd7 27. b4 Kf7 28. Qc7 Ke7 29. Kf1 Rc8 30. Qxd7+ Kxd7 31. Rxc8 Kxc8 32. Ke2 b5 33. Kd3 Kc7 34. Ke4 1/2-1/2

[Event "HUN-chT Youth-Children 2018"]
[Site "Zalakaros"]
[Date "2018.07.27"]
[Round "4"]
[White "Baski, Barnabas"]
[Black "Diller, Denis"]
[Result "0-1"]
[ECO "A05"]
[WhiteElo "1740"]
[BlackElo "2057"]
[Annotator "NA"]
[PlyCount "104"]
[EventDate "2018.07.26"]
[EventType "team-tourn"]
[EventCountry "HUN"]
[SourceTitle "playchess.com"]
[Source "ChessBase"]
[SourceQuality "1"]
[TimeControl "5400+30"]

1. Nf3 Nf6 2. g3 g6 3. Bg2 Bg7 4. O-O O-O 5. d4 d5 6. b3 Ne4 7. Bb2 f5 8. Nbd2 Nd7 9. c4 e6 10. cxd5 exd5 11. Ne5 Nxe5 12. dxe5 Qe7 13. Nxe4 dxe4 14. Qd5+ Kh8 15. Rfd1 c6 16. Qd6 Qxd6 17. Rxd6 Re8 18. Rad1 Be6 19. f3 Bd5 20. fxe4 fxe4 21. R6xd5 cxd5 22. Rxd5 Rad8 23. Bxe4 Rxd5 24. Bxd5 Bxe5 25. Bxe5+ Rxe5 26. e4 Re7 27. a4 Kg7 28. Kf2 Kf6 29. Ke3 Ke5 30. Kd3 Rc7 31. Bc4 b6 32. Ke3 g5 33. Kf3 h5 34. Ke3 g4 35. Kd3 h4 36. Ke3 hxg3 37. hxg3 a5 38. Be2 Rc3+ 39. Kf2 Rxb3 40. Bxg4 Kxe4 41. Bd7 Rb2+ 42. Kg1 Kf3 43. g4 Rd2 44. Bc6+ Kxg4 45. Kf1 Kf4 46. Ke1 Ke3 47. Be8 Kd3 48. Bb5+ Kc3 49. Bc6 Rd4 50. Bb5 Kb3 51. Bc6 Rxa4 52. Bxa4+ Kxa4 0-1

[Event "HUN-chT Youth-Children 2018"]
[Site "Zalakaros"]
[Date "2018.07.27"]
[Round "4"]
[White "Kocsmar, Akos"]
[Black "Kovacs, Kristof"]
[Result "1-0"]
[ECO "A25"]
[WhiteElo "1721"]
[BlackElo "1351"]
[Annotator "NA"]
[PlyCount "58"]
[EventDate "2018.07.26"]
[EventType "team-tourn"]
[EventCountry "HUN"]
[SourceTitle "playchess.com"]
[Source "ChessBase"]
[SourceQuality "1"]
[TimeControl "5400+30"]

1. c4 e5 2. Nc3 Nc6 3. g3 g6 4. Bg2 Bg7 5. e3 d6 6. Nge2 Nge7 7. O-O O-O 8. d4 f5 9. d5 Nb8 10. e4 Nd7 11. f4 Nf6 12. fxe5 dxe5 13. Rb1 a5 14. Bd2 b6 15. Qb3 Bd7 16. a4 Qc8 17. c5 bxc5 18. Be3 Kh8 19. Bxc5 Qd8 20. Rbd1 g5 21. exf5 Bxf5 22. Bxe7 Qxe7 23. Rxf5 Qc5+ 24. Kh1 Ng4 25. Ne4 Qa7 26. Rdf1 Rfb8 27. Qd3 Ne3 28. Nxg5 Qd4 29. Rf8+ Bxf8 1-0

[Event "HUN-chT Youth-Children 2018"]
[Site "Zalakaros"]
[Date "2018.07.27"]
[Round "4"]
[White "Turcsanyi, Vince Gergo"]
[Black "Megyaszai, Balazs"]
[Result "1-0"]
[ECO "B53"]
[WhiteElo "1639"]
[BlackElo "1710"]
[Annotator "NA"]
[PlyCount "104"]
[EventDate "2018.07.26"]
[EventType "team-tourn"]
[EventCountry "HUN"]
[SourceTitle "playchess.com"]
[Source "ChessBase"]
[SourceQuality "1"]
[TimeControl "5400+30"]

1. e4 c5 2. Nf3 d6 3. d4 cxd4 4. Qxd4 Nc6 5. Bb5 Bd7 6. Bxc6 bxc6 7. Nc3 Nf6 8. Bg5 h6 9. Bxf6 exf6 10. h3 Be7 11. O-O-O Qb6 12. Qxb6 axb6 13. Rhe1 O-O-O 14. Nd4 g6 15. f4 Rhe8 16. Nb1 Kb7 17. Nd2 c5 18. N4b3 Be6 19. g4 Bf8 20. f5 Bc8 21. Nc4 b5 22. Ne3 Kb8 23. Nd5 Bg7 24. Na5 Bb7 25. Nc3 b4 26. Nb5 Bf8 27. Nc4 Rxe4 28. Rxe4 Bxe4 29. Nbxd6 Bxd6 30. Nxd6 Bf3 31. Rd3 Bg2 32. Nxf7 Rxd3 33. cxd3 gxf5 34. gxf5 h5 35. h4 Bd5 36. Nd6 Bxa2 37. Ne4 c4 38. Nxf6 cxd3 39. Nxh5 Kc7 40. Nf4 Bg8 41. h5 Kd6 42. Nxd3 Bh7 43. Nxb4 Bxf5 44. Nc2 Ke5 45. Ne3 Bd7 46. Nc4+ Kf5 47. h6 Kf6 48. b4 Be6 49. Ne3 Kg6 50. b5 Kxh6 51. b6 Bc8 52. Nf5+ Kg5 1-0

[Event "HUN-chT Youth-Children 2018"]
[Site "Zalakaros"]
[Date "2018.07.27"]
[Round "4"]
[White "Foldes, Marton Gabor"]
[Black "Balogh, Judit Dora"]
[Result "1/2-1/2"]
[ECO "B34"]
[WhiteElo "1590"]
[BlackElo "1674"]
[Annotator "NA"]
[PlyCount "42"]
[EventDate "2018.07.26"]
[EventType "team-tourn"]
[EventCountry "HUN"]
[SourceTitle "playchess.com"]
[Source "ChessBase"]
[SourceQuality "1"]
[TimeControl "5400+30"]

1. e4 c5 2. Nf3 Nc6 3. d4 cxd4 4. Nxd4 Nf6 5. Nc3 e5 6. Ndb5 d6 7. Bg5 a6 8. Na3 Be7 9. Bxf6 Bxf6 10. Nd5 b5 11. c4 b4 12. Nc2 a5 13. g3 O-O 14. Bg2 Ba6 15. b3 Re8 16. O-O Bb7 17. Qd3 Be7 18. Rad1 Bf8 19. Qf3 Rb8 20. h4 Bc8 21. h5 Qg5 1/2-1/2

[Event "HUN-chT Youth-Children 2018"]
[Site "Zalakaros"]
[Date "2018.07.27"]
[Round "4"]
[White "Bodo, Boglarka"]
[Black "Szalay-Ocsak, Bank"]
[Result "1-0"]
[ECO "B30"]
[WhiteElo "1471"]
[BlackElo "1639"]
[Annotator "NA"]
[PlyCount "69"]
[EventDate "2018.07.26"]
[EventType "team-tourn"]
[EventCountry "HUN"]
[SourceTitle "playchess.com"]
[Source "ChessBase"]
[SourceQuality "1"]
[TimeControl "5400+30"]

1. e4 c5 2. Nf3 Nc6 3. Bb5 e6 4. O-O Nge7 5. c3 a6 6. Ba4 b5 7. Bc2 Bb7 8. d4 d6 9. Be3 Ng6 10. Re1 Be7 11. Nbd2 O-O 12. Qe2 Qc7 13. c4 Rab8 14. Bb3 b4 15. Rac1 e5 16. d5 Nd4 17. Bxd4 exd4 18. e5 dxe5 19. Nxe5 Bd6 20. Nef3 Qd7 21. Ne4 Rfe8 22. Qd2 Rbc8 23. Qc2 Qc7 24. Ba4 Re7 25. Nxd6 Qxd6 26. Rxe7 Qxe7 27. Re1 Qd6 28. Qf5 h6 29. Ne5 Nxe5 30. Qxe5 Qxe5 31. Rxe5 Kf8 32. d6 f6 33. Re1 f5 34. d7 Rd8 35. Re8+ 1-0

[Event "HUN-chT Youth-Children 2018"]
[Site "Zalakaros"]
[Date "2018.07.27"]
[Round "4"]
[White "Kis, Izabella"]
[Black "Lazsadi, Kerka Lilla"]
[Result "0-1"]
[ECO "C45"]
[WhiteElo "1446"]
[BlackElo "1399"]
[Annotator "NA"]
[PlyCount "116"]
[EventDate "2018.07.26"]
[EventType "team-tourn"]
[EventCountry "HUN"]
[SourceTitle "playchess.com"]
[Source "ChessBase"]
[SourceQuality "1"]
[TimeControl "5400+30"]

1. e4 e5 2. Nf3 Nc6 3. d4 exd4 4. Nxd4 Bc5 5. Be3 Qf6 6. c3 Nge7 7. b4 Bb6 8. Bc4 Qg6 9. O-O Qxe4 10. Nd2 Qg6 11. N2f3 O-O 12. Re1 d6 13. Kh1 Ne5 14. Bb3 Bg4 15. a4 Bxd4 16. Bxd4 N7c6 17. Bd5 Rfe8 18. h3 Bxf3 19. Bxf3 Re7 20. Bxc6 Nxc6 21. Rxe7 Nxe7 22. Qf3 c6 23. Re1 Nd5 24. Bxa7 h6 25. Bd4 Rxa4 26. Re8+ Kh7 27. Rb8 b5 28. Rc8 Ra6 29. Qe2 Nf4 30. Qf3 Nd5 31. Qe2 Nf4 32. Qf3 Qg5 33. Be3 Qf5 34. Rxc6 Rxc6 35. Qxc6 Ne2 36. f3 Qe5 37. Qe4+ Qxe4 38. fxe4 Nxc3 39. g4 Nxe4 40. Kg2 Kg6 41. Kf3 d5 42. Kf4 f6 43. Bd4 Kf7 44. Bb6 g5+ 45. Kf3 Ke6 46. Bd4 Nd2+ 47. Ke3 Nc4+ 48. Kf3 Nd6 49. Bb2 Nb7 50. Bd4 Nd8 51. Bc5 Nc6 52. Ke3 Ke5 53. Kf3 d4 54. Bf8 Kd5 55. Bg7 Ke5 56. Bf8 Nd8 57. Be7 Ne6 58. Ke2 Nf4+ 0-1

[Event "HUN-chT Youth-Children 2018"]
[Site "Zalakaros"]
[Date "2018.07.27"]
[Round "4"]
[White "Gergely, Daniel"]
[Black "Toth, Csongor"]
[Result "1-0"]
[ECO "D00"]
[WhiteElo "1367"]
[BlackElo "1326"]
[Annotator "NA"]
[PlyCount "131"]
[EventDate "2018.07.26"]
[EventType "team-tourn"]
[EventCountry "HUN"]
[SourceTitle "playchess.com"]
[Source "ChessBase"]
[SourceQuality "1"]
[TimeControl "5400+30"]

1. d4 d5 2. Bf4 e6 3. e3 Nf6 4. Nf3 Bd6 5. Bg3 Bxg3 6. hxg3 h6 7. Nbd2 Bd7 8. c3 Nc6 9. Be2 Qe7 10. O-O O-O 11. Qc2 Rfe8 12. Rad1 Rad8 13. Rfe1 e5 14. dxe5 Nxe5 15. Nd4 c5 16. N4f3 Bc6 17. Nxe5 Qxe5 18. Nf3 Qe6 19. Bd3 Qe7 20. Bf5 Bd7 21. Bd3 Bg4 22. Be2 Qc7 23. Rd2 a6 24. Red1 Rd7 25. c4 Red8 26. cxd5 Rxd5 27. Rxd5 Rxd5 28. Rxd5 Nxd5 29. Qc4 Be6 30. Qe4 Qb6 31. Qe5 Qc7 32. Qxc7 Nxc7 33. a3 Bg4 34. Kf1 Bxf3 35. Bxf3 b6 36. Ke2 Kf8 37. Kd3 Ke7 38. b3 Kd6 39. Be4 b5 40. f4 Ne8 41. Bb7 a5 42. g4 g5 43. Bf3 Ng7 44. Kc3 gxf4 45. exf4 Ne6 46. f5 Nd4 47. Bd1 Ke5 48. Kd3 Nxb3 49. Bxb3 c4+ 50. Bxc4 bxc4+ 51. Kxc4 Kf4 52. Kb5 a4 53. Kxa4 Kxg4 54. Kb4 Kxf5 55. a4 Ke6 56. Kc5 Kd7 57. Kd5 Kc7 58. Ke5 Kb6 59. Kf6 Ka5 60. Kxf7 Kxa4 61. Kg6 Kb5 62. Kxh6 Kc6 63. g4 Kd7 64. g5 Ke8 65. g6 Kf8 66. Kh7 1-0

[Event "HUN-chT Youth-Children 2018"]
[Site "Zalakaros"]
[Date "2018.07.27"]
[Round "4"]
[White "Pogany, Dorka"]
[Black "Szabo, Miklos"]
[Result "0-1"]
[ECO "C50"]
[WhiteElo "1350"]
[BlackElo "1711"]
[Annotator "NA"]
[PlyCount "90"]
[EventDate "2018.07.26"]
[EventType "team-tourn"]
[EventCountry "HUN"]
[SourceTitle "playchess.com"]
[Source "ChessBase"]
[SourceQuality "1"]
[TimeControl "5400+30"]

1. e4 e5 2. Nf3 Nc6 3. Bc4 Bc5 4. Nc3 Nf6 5. d3 O-O 6. Be3 Bb6 7. Bg5 h6 8. Bh4 Ba5 9. O-O Bxc3 10. bxc3 d6 11. h3 Na5 12. Bb3 Nxb3 13. cxb3 g5 14. Bg3 Re8 15. Qd2 Nh5 16. Rae1 f5 17. exf5 Bxf5 18. h4 Nf4 19. hxg5 hxg5 20. Bxf4 gxf4 21. d4 Bg4 22. Qd3 Kg7 23. Nh2 Bd7 24. dxe5 Qh4 25. e6 Rh8 26. Qh3 Qxh3 27. gxh3 Bc6 28. f3 Rxh3 29. Re2 Rah8 30. Rff2 Kf8 31. e7+ Ke8 32. c4 Rg3+ 33. Rg2 Bxf3 34. Nxf3 Rxf3 35. Rgf2 Rxf2 36. Rxf2 Rh4 37. Re2 Rh7 38. Kf2 Rh2+ 39. Kf3 Rxe2 40. Kxe2 Kxe7 41. Kf3 d5 42. Kxf4 dxc4 43. bxc4 Kd6 44. Ke4 Kc5 45. Kd3 Kb4 0-1

[Event "HUN-chT Youth-Children 2018"]
[Site "Zalakaros"]
[Date "2018.07.27"]
[Round "4"]
[White "Szabo, Akos"]
[Black "Markus, Molli Amina"]
[Result "0-1"]
[ECO "D00"]
[WhiteElo "1322"]
[BlackElo "1566"]
[Annotator "NA"]
[PlyCount "56"]
[EventDate "2018.07.26"]
[EventType "team-tourn"]
[EventCountry "HUN"]
[SourceTitle "playchess.com"]
[Source "ChessBase"]
[SourceQuality "1"]
[TimeControl "5400+30"]

1. d4 d5 2. e3 Nf6 3. f4 e6 4. Nf3 c5 5. c3 Nc6 6. Bd3 b6 7. O-O Bd6 8. Nbd2 Bb7 9. Ne5 Rc8 10. Ndf3 h6 11. Bd2 Rc7 12. Rc1 Qc8 13. Rc2 Ba6 14. Be1 Bxd3 15. Nxd3 Ne4 16. Bh4 Ne7 17. Rc1 Nf5 18. Nf2 Nxe3 19. Qe2 Nxf1 20. Rxf1 Nxf2 21. Bxf2 Bxf4 22. g3 Bd6 23. Rd1 cxd4 24. Rxd4 Bc5 25. Rd2 Bxf2+ 26. Qxf2 Qa6 27. a3 Qb5 28. Nd4 Qc5 0-1